 Dungeon Crawl Stone Soup version 0.19-a0-1740-g0bcaf2e (webtiles) character file.

776 Amnesiac the Thaumaturge (level 7, 0/36 HPs)
             Began as a Deep Elf Earth Elementalist on Oct 2, 2016.
             Slain by an iguana (3 damage)
             ... on level 6 of the Dungeon.
             The game lasted 00:07:07 (3179 turns).

Amnesiac the Thaumaturge (DEEE)                     Turns: 3179, Time: 00:07:07

Health: 0/36       AC:  2    Str:  5    XL:     7   Next: 54%
Magic:  20/22      EV: 13    Int: 20    God:
Gold:   196        SH:  0    Dex: 17    Spells: 3 memorised, 19 levels left

rFire  . . .     SeeInvis .     b - 34 stones
rCold  . . .     Gourm    .     c - +0 robe
rNeg   . . .     Faith    .     (no shield)
rPois  .         Spirit   .     (no helmet)
rElec  .         Dismiss  .     (no cloak)
rCorr  .         Reflect  .     (no gloves)
MR     .....     Harm     .     (no boots)
Stlth  ++........               (no amulet)
                                (no ring)
                                (no ring)

@: no status effects
A: no striking features
a: no special abilities


You were on level 6 of the Dungeon.
You were very hungry.

You visited 1 branch of the dungeon, and saw 7 of its levels.

You collected 196 gold pieces.

Inventory:

Hand Weapons
 o - the +8 falchion "Lokicos" {slice, Dex+5}
   (You found it on level 5 of the Dungeon)

   It inflicts extra damage upon your enemies.
   It affects your dexterity (+5).
 v - a +1 dagger of flaming
Missiles
 b - 34 stones (in hand)
Armour
 c - a +0 robe (worn)
 p - a +0 cloak
Wands
 k - a wand of lightning (7/15)
 u - a wand of enslavement (24/24)
Scrolls
 f - a scroll of identify
 g - a scroll of recharging
 l - 2 scrolls of blinking {unknown}
Potions
 a - a potion of curing {unknown}
 h - a potion of haste {unknown}
 j - a potion of heal wounds
 m - a potion of brilliance
 q - a potion of magic
 t - a potion of berserk rage
Books
 e - a book of Geomancy

   Spells                             Type                      Level
   a - Sandblast                      Earth                        1
   b - Passwall                       Transmutation/Earth          2
   c - Stone Arrow                    Conjuration/Earth            3
   d - Petrify                        Transmutation/Earth          4
   e - Lee's Rapid Deconstruction     Earth                        5
Comestibles
 d - 4 bread rations
 i - 5 fruits
 n - a meat ration


   Skills:
 - Level 2.4 Dodging
 - Level 2.4 Stealth
 + Level 10.0 Spellcasting
 - Level 4.0 Transmutations
 - Level 4.0 Earth Magic


You had 19 spell levels left.
You knew the following spells:

 Your Spells              Type           Power        Failure   Level  Hunger
e - Petrify               Tmut/Erth      ####....     14%         4    ##.....
f - Sandblast             Erth           ####..       1%          1    None
v - Passwall              Tmut/Erth      ####......   1%          2    None


Dungeon Overview and Level Annotations

Branches:
Dungeon (7/15)
 Temple: D:4-7

Altars:
Dithmenos
Elyvilon
Makhleb

Shops:
D:5 ?

Annotations:
D:7 Kenran's ghost, novice HaBe


Message History

Press: ? - help, Shift-Dir - straight line, f - iguana
Aim: an iguana (severely wounded)
The rocky blast hits the iguana.
The iguana is severely wounded.
The iguana closely misses you. The bullfrog hits you.
* * * LOW HITPOINT WARNING * * *
Unknown command.
Unknown command.
The bullfrog hits you.
* * * LOW HITPOINT WARNING * * *
Unknown command.
Casting: Sandblast
Confirm with . or Enter, or press ? or * to list all spells.
Aiming: Sandblast
Press: ? - help, Shift-Dir - straight line, f/p - iguana
Aim: an iguana (severely wounded)
The rocky blast hits the iguana.
The iguana is almost dead.
The iguana bites you.
You die...

#.........
##########.........
#..................
#...........,,,,,,,
#...........,,,,,,,
#...........,,,,,,,
#...........,,,,*,,
#...........***,***
#.@l.......#* *,,,,
#.F..).....#*****,,
#...>......#*,,,,,,
#...........,,***,,
#########>..,** *,,
***,,#.** *,,
*,,,,*,* *,,
*,,,,,,* *,,
*,,,,*** *,,


You could see a bullfrog and an iguana.

Vanquished Creatures
  2 ice beasts (D:5)
  A phantom (D:5)
  2 ogres
  2 howler monkeys (D:4)
  A bullfrog skeleton (D:4)
  2 centaur skeletons
  A hound (D:5)
  An orc wizard (D:5)
  A worker ant (D:4)
  3 gnolls (D:5)
  3 adders
  An ooze (D:1)
  An adder skeleton (D:5)
  An adder zombie (D:5)
  A worm (D:5)
  A dart slug (D:1)
  A leopard gecko (D:5)
  5 orcs (D:5)
  2 giant cockroaches
  A hobgoblin (D:2)
  5 jackals
  A quokka (D:4)
  A ball python (D:2)
  3 frilled lizards
  A rat (D:1)
44 creatures vanquished.

Notes
Turn   | Place    | Note
-------+----------+-------------------------------------------
     0 | D:1      | Amnesiac the Deep Elf Earth Elementalist began the quest for the Orb.
     0 | D:1      | Reached XP level 1. HP: 10/10 MP: 6/6
   172 | D:1      | Reached XP level 2. HP: 15/15 MP: 5/8
   176 | D:1      | Learned a level 2 spell: Passwall
   379 | D:4      | Reached XP level 3. HP: 10/19 MP: 5/9
   815 | D:4      | Reached XP level 4. HP: 24/24 MP: 6/10
   821 | D:4      | Learned a level 4 spell: Petrify
   855 | D:4      | Noticed an ogre
   863 | D:4      | Killed an ogre
   863 | D:4      | Reached skill level 4 in Spellcasting
   863 | D:4      | Reached XP level 5. HP: 28/28 MP: 8/14
   944 | D:4      | Reached skill level 5 in Spellcasting
  1211 | D:4      | Reached skill level 6 in Spellcasting
  1308 | D:5      | Entered Level 5 of the Dungeon
  1312 | D:5      | Reached XP level 6. HP: 22/32 MP: 12/17
  1415 | D:5      | Found Nienoom's Magic Scroll Shoppe.
  1424 | D:5      | Got a smoking falchion
  1433 | D:5      | Identified the +8 falchion "Lokicos" {slice, Dex+5} (You found it on level 5 of the Dungeon)
  1442 | D:5      | Found a shadowy altar of Dithmenos.
  1447 | D:5      | Reached skill level 7 in Spellcasting
  1461 | D:5      | Noticed an ice beast
  1547 | D:5      | Killed an ice beast
  1547 | D:5      | Reached skill level 8 in Spellcasting
  1911 | D:5      | Noticed an ice beast
  1927 | D:5      | Killed an ice beast
  1927 | D:5      | Reached XP level 7. HP: 22/36 MP: 13/21
  2064 | D:5      | Found a white marble altar of Elyvilon.
  2101 | D:5      | Reached skill level 9 in Spellcasting
  2700 | D:6      | Found a burning altar of Makhleb.
  3047 | D:6      | Reached skill level 10 in Spellcasting
  3072 | D:7      | Noticed Kenran's ghost (novice HaBe)
  3179 | D:6      | Slain by an iguana

Vault maps used:
D:1:      shiori_arrival_oz
D:2:      uniq_crazy_yiuf_cottage
D:3:      overflow_temple_1_default, nicolae_overflow_hidden_temple, minitemple
D:4:      first_bread
D:5:      grunt_dithmenos_shadows, nicolae_overflow_crystal_walls, serial_shops,
          shop
D:6:      makhleb_blood_cavern_becter
D:7:      kennysheep_little_box, the_bakery, amethyst_killhole

Skill      XL: |  1  2  3  4  5  6  7 |
---------------+----------------------+-----
Earth Magic    | 4 |  4.0
Transmutations | 3 4 |  4.0
Spellcasting   | 4 6 8 10 | 10.0
Dodging        | |  2.4
Stealth        | |  2.4

Action                   |  1- 3 |  4- 6 |  7- 9 || total
-------------------------+-------+-------+-------++-------
Melee: Falchion          |       |       |    30 ||    30
       Dagger            |       |       |    14 ||    14
 Cast: Sandblast         |    24 |    57 |    26 ||   107
       Petrify           |       |       |     6 ||     6
       Passwall          |       |       |     4 ||     4
  Use: Scroll            |     3 |       |     8 ||    11
 Stab: Petrified         |       |       |    23 ||    23
  Eat: Chunk             |       |     3 |     3 ||     6
Armor: Robe              |     1 |     3 |     4 ||     8
Dodge: Dodged            |     6 |    18 |    22 ||    46
